 Dungeon Crawl Stone Soup version 0.22-a0-525-gf69a080 (webtiles) character file.

6 Darkshadow the Grasshopper (level 2, 0/19 HPs)
             Began as a Halfling Warper on June 21, 2018.
             Slain by a hobgoblin
             ... wielding a +0 club
              (2 damage)
             ... on level 1 of the Dungeon.
             The game lasted 00:01:43 (185 turns).

Darkshadow the Grasshopper (Halfling Warper)         Turns: 185, Time: 00:01:44

Health: 0/19       AC:  3    Str: 12    XL:     2   Next: 0%
Magic:  2/4        EV: 14    Int: 11    God:
Gold:   7          SH:  0    Dex: 13    Spells: 2/4 levels left

rFire    . . .     SeeInvis .   a - +0 short sword
rCold    . . .     Gourm    .   (shield restricted)
rNeg     . . .     Faith    .   b - +0 leather armour
rPois    .         Spirit   .   (no helmet)
rElec    .         Reflect  .   (no cloak)
rCorr    .         Harm     .   (no gloves)
MR       .....                  (no boots)
Stlth    +.........             (no amulet)
HPRegen  0.06/turn              (no ring)
MPRegen  0.09/turn              (no ring)

@: no status effects
A: small, mutation resistance 1
a: no special abilities


You were on level 1 of the Dungeon.
You were not hungry.

You visited 1 branch of the dungeon, and saw 1 of its levels.

You collected 7 gold pieces.

Inventory:

Hand Weapons
 a - a +0 short sword (weapon)
Missiles
 c - 2 stones (quivered)
 e - 5 tomahawks of dispersal
Armour
 b - a +0 leather armour (worn)
Scrolls
 d - a scroll of blinking
Comestibles
 f - a ration


   Skills:
 + Level 1.9 Fighting
 * Level 2.7 Short Blades
 - Level 1.0 Throwing
 - Level 1.1 Armour
 + Level 2.3 Dodging
 - Level 1.5 Spellcasting
 - Level 3.2 Translocations


You had 2 spell levels left.
You knew the following spells:

 Your Spells              Type           Power        Failure   Level  Hunger
a - Blink                 Tloc           N/A          16%         2    ###....

Your spell library contained the following spells:

 Spells                   Type           Power        Failure   Level  Hunger
 Teleport Other           Tloc           #.......     30%         3    ####...
 Passage of Golubria      Tloc           N/A          69%         4    #####..
 Shroud of Golubria       Chrm/Tloc      #.........   30%         2    ###....
 Gell's Gravitas          Tloc           #.........   30%         3    ####...
 Lesser Beckoning         Tloc           #.........   30%         3    ####...


Dungeon Overview and Level Annotations

Branches:
Dungeon (1/15)

Altars:

Annotations:
D:1 1 runed door


Innate Abilities, Weirdness & Mutations

You are small and have problems with some larger weapons.
You are somewhat resistant to further mutation.


Message History

You have reached level 2!
The bat hits you but does no damage. The hobgoblin misses you.
The bat hits you.
* * * LOW HITPOINT WARNING * * *
The hobgoblin completely misses you.
Memorise Blink, consuming 2 spell levels and leaving 2?
The bat barely misses you. The hobgoblin barely misses you.
You start memorising the spell.
You continue memorising.
The hobgoblin misses you.
You continue memorising.
The hobgoblin misses you. x2
You finish memorising.
Spell assigned to 'a'.
Casting: Blink (safe; 16% risk of failure)
Confirm with . or Enter, or press ? or * to list all spells.
You blink.
You are too injured to fight recklessly!
You hit the hobgoblin.
The hobgoblin is severely wounded.
The hobgoblin hits you with a club.
You die...

...................
............†......
.....####..........
..#### #..........
.## #...######## #
.# #...# .. ... .#
##...#####.##....
.#
#................
.# ####..).####@.#
##
........)gbg..#..
.###.#.##§.......
#.#. #.##......
.[.........##.#.#
#..#.#####.......#
.... #.####.## ..
#. ..# # ### ..


You could see 2 hobgoblins and a bat.

Vanquished Creatures
  A goblin (D:1)
  A hobgoblin (D:1)
  2 frilled lizards (D:1)
  3 kobolds (D:1)
7 creatures vanquished.

Notes
Turn   | Place    | Note
-------+----------+-------------------------------------------
     0 | D:1      | Darkshadow the Halfling Warper began the quest for the Orb.
     0 | D:1      | Reached XP level 1. HP: 14/14 MP: 3/3
     0 | D:1      | Noticed a jelly
     9 | D:1      | Found a runed door.
   179 | D:1      | Reached XP level 2. HP: 2/19 MP: 4/4
   184 | D:1      | Learned a level 2 spell: Blink
   185 | D:1      | Slain by a hobgoblin

Vault maps used:
D:1:      dpeg_arrival_caged_fury, st_stairs_14

Action                   || total
-------------------------++-------
Melee: Short sword       ||    22
 Cast: Blink             ||     1
  Use: Scroll            ||     1
Armor: Leather armour    ||    11
Dodge: Dodged            ||    27

Table legend:
 A = Spawn XP
 B = Non-spawn XP
 C = Spawn XP percentage of total XP
 D = Spawn monster count
 E = Non-spawn monster count
 F = Spawn count percentage of total count
 G = Total turns spent on level
                    A         B        C        D         E        F      G
               +---------+---------+-------+---------+---------+-------+---------
         Total |       0 |       9 |   0.0 |       0 |       7 |   0.0 |   185
               +---------+---------+-------+---------+---------+-------+---------
           D:1 |       0 |       9 |   0.0 |       0 |       7 |   0.0 |   185
               +---------+---------+-------+---------+---------+-------+---------
